Map: Nightscape LE

Players

FanTaSäuFeR - Winner!

  • Race: Terran Terran
  • Spawn Location: 7:00

madmosquito - Winner!

  • Race: Protoss Protoss
  • League: Master
  • Spawn Location: 7:00

Massa

  • Race: Terran Terran
  • League: Platinum
  • Spawn Location: 1:00

qqq

  • Race: Zerg Zerg
  • Spawn Location: 1:00

VOD

Have the link to the VOD?

Description

Time

  • Played on: March 21, 2021, 2:02 p.m.
  • Length: 12:28
Show
View Real Time Build Order
Export as new Build Order

FanTaSäuFeR Terran - Winner!

Build Orders: Reaper Expand, Mech 

Get SALT Encoding   

  12  0:00  SCV  
  13  0:12  SCV  
  14  0:17  Supply Depot  
  14  0:24  SCV  
  15  0:39  SCV  
  15  0:40  Barracks  
  16  0:45  Refinery  
  16  0:47  Barracks  
  16  0:51  SCV  
  17  1:05  SCV  
  18  1:17  SCV  
  19  1:34  Reaper  
  19  1:35  Orbital Command  
  20  1:46  Command Center  
  20  1:52  Supply Depot  
  20  2:02  SCV  
  20  2:05  Factory  
  20  2:06  Marine  
  22  2:11  Refinery  
  22  2:15  SCV  
  23  2:27  SCV  
  24  2:31  Barracks Reactor  
  24  2:39  SCV  
  25  2:51  SCV  
  25  2:56  Hellion  
  25  2:58  Starport  
  29  2:59  Orbital Command  
  29  3:03  SCV  
  29  3:15  Marine x2  
  29  3:16  SCV  
  32  3:25  Hellion  
  32  3:28  SCV  
  33  3:41  Marine x2  
  35  3:45  SCV  
  35  3:46  SCV  
  35  3:58  SCV x2  
  36  4:08  Marine x2  
  36  4:09  Hellion  
  40  4:12  SCV x2  
  39  4:25  SCV  
  39  4:26  SCV  
  39  4:30  Command Center  
  39  4:31  Factory Tech Lab, Medivac  
  41  4:37  SCV  
  45  4:38  SCV  
  45  4:45  Barracks  
  45  4:48  Factory  
  45  4:50  SCV  
  46  4:57  Factory  
  46  5:00  Supply Depot  
  46  5:17  Refinery  
  46  5:19  Supply Depot  
  46  5:22  SCV x2, Supply Depot, Siege Tank  
  46  5:24  Liberator  
  54  5:29  Refinery  
  54  5:31  Factory Tech Lab  
  54  5:35  Supply Depot  
  54  5:41  SCV x2  
  56  5:53  SCV  
  57  6:09  Siege Tank x2  
  57  6:10  Hellion x2  
  67  6:17  SCV x2  
  67  6:18  Command Center  
  69  6:22  Engineering Bay  
  69  6:29  SCV x2  
  71  6:33  Hellion x2  
  75  6:41  SCV  
  75  6:43  Siege Tank x2  
  75  6:45  SCV  
  83  6:50  Orbital Command  
  83  6:53  SCV  
  84  6:54  Hellion  
  84  6:58  SCV  
  84  7:00  Factory  
  87  7:03  Factory  
  87  7:10  SCV x2  
  89  7:17  SCV  
  90  7:26  Missile Turret, Siege Tank  
  100  7:30  Hellion x2, Siege Tank  
  100  7:32  Armory  
  100  7:33  Armory  
  100  7:35  Supply Depot  
  100  7:37  SCV  
  100  7:40  SCV  
  102  7:50  Supply Depot  
  102  8:02  SCV x2  
  102  8:03  Factory Tech Lab x2  
  107  8:05  Siege Tank x2  
  107  8:08  Orbital Command  
  107  8:11  SCV  
  111  8:19  SCV  
  112  8:20  SCV  
  112  8:21  Refinery  
  112  8:24  Siege Tank x2  
  119  8:29  Command Center  
  119  8:34  SCV x2  
  119  8:35  SCV  
  119  8:36  SCV  
  119  8:37  Siege Tank  
  119  8:39  Refinery  
  129  8:41  Siege Tank  
  129  8:42  Hellion  
  129  8:47  SCV  
  129  8:48  Supply Depot  
  132  8:51  Supply Depot x2  
  130  9:01  Supply Depot, Terran Vehicle And Ship Armor Level 1, Terran Vehicle Weapons Level 1  
  130  9:07  SCV x2  
  130  9:09  Siege Tank  
  135  9:10  SCV x2  
  135  9:15  Supply Depot  
  133  9:23  Siege Tank  
  136  9:28  Hellion x2, Siege Tank x2  
  136  9:30  SCV  
  143  9:31  SCV  
  143  9:34  SCV  
  143  9:35  Liberator  
  143  9:36  SCV  
  149  9:40  Command Center  
  149  9:42  Hellion  
  151  9:47  SCV  
  152  9:56  Siege Tank  
  152  9:57  Hellion x2  
  159  10:00  SCV, Siege Tank x2  
  159  10:03  Hellion  
  159  10:05  SCV x2  
  170  10:11  Command Center  
  174  10:21  SCV, Hellion x2  
  174  10:25  Siege Tank  
  178  10:29  Siege Tank  
  178  10:31  Factory x2  
  178  10:34  SCV  
  182  10:45  Siege Tank  
  182  10:46  Hellion  
  187  10:52  Hellion, Siege Tank  
  187  10:54  Planetary Fortress  
  192  10:58  Refinery x2, Command Center, Siege Tank  
  195  11:06  Orbital Command  
  195  11:22  Siege Tank  
  195  11:23  Hellion  
  197  11:41  Siege Tank  
  200  12:20  Command Center  
  200  12:22  Command Center, Missile Turret  
  200  12:24  Missile Turret  
  200  12:27  Command Center  
Show
View Real Time Build Order
Export as new Build Order

madmosquito Protoss - Winner!

Build Orders: 1 Gate Expand 

Get SALT Encoding   

  12  0:02  Probe  
  13  0:14  Probe  
  14  0:21  Pylon  
  14  0:27  Probe  
  15  0:40  Gateway  
  15  0:43  Probe  
  16  0:55  Assimilator  
  16  0:57  Assimilator  
  16  0:59  Probe  
  17  1:29  Nexus  
  17  1:41  Probe  
  18  1:53  Probe  
  19  2:04  Cybernetics Core  
  19  2:05  Forge  
  19  2:08  Probe (Chrono Boost)  
  20  2:10  Pylon  
  20  2:25  Probe (Chrono Boost)  
  21  2:32  Pylon  
  21  2:33  Probe  
  22  2:42  Probe  
  23  2:46  Probe  
  24  2:52  Photon Cannon  
  24  2:54  Probe, Stalker (Chrono Boost)  
  24  2:58  Probe  
  28  3:01  Photon Cannon  
  28  3:06  Probe  
  28  3:10  Probe  
  30  3:18  Probe  
  30  3:19  Shield Battery  
  31  3:22  Probe  
  31  3:24  Stalker  
  34  3:30  Probe  
  35  3:52  Assimilator  
  35  3:54  Assimilator  
  35  4:06  Probe x2  
  37  4:13  Robotics Facility  
  37  4:40  Gateway  
  37  4:41  Pylon  
  37  4:42  Pylon  
  37  4:43  Pylon  
  37  4:48  Gateway  
  37  4:51  Gateway  
  37  4:53  Gateway, Warp Gate (Chrono Boost)  
  37  4:57  Stalker  
  39  5:00  Observer  
  39  5:04  Robotics Bay  
  40  5:09  Probe  
  40  5:10  Probe  
  42  5:22  Probe x2  
  44  5:34  Probe  
  45  5:40  Observer  
  46  5:42  Stalker  
  46  5:43  Stalker  
  46  5:46  Stalker x2  
  46  5:47  Stalker  
  56  5:52  Twilight Council  
  56  5:53  Gravitic Boosters  
  56  5:57  Gateway  
  56  6:00  Probe x2, Pylon  
  58  6:13  Gateway  
  58  6:18  Protoss Ground Weapons Level 1 (Chrono Boost), Stalker x2  
  62  6:24  Probe  
  62  6:25  Probe  
  64  6:37  Probe x2  
  66  6:43  Stalker  
  66  6:44  Nexus, Stalker  
  70  6:52  Extended Thermal Lance  
  70  6:56  Stalker  
  70  6:57  Stalker  
  74  7:02  Probe x2  
  76  7:09  Observer  
  76  7:10  Assimilator  
  76  7:14  Probe x2  
  76  7:15  Assimilator  
  78  7:18  Blink (Chrono Boost)  
  78  7:20  Observer (Chrono Boost)  
  79  7:28  Probe x2  
  81  7:33  Disruptor (Chrono Boost)  
  84  7:47  Stalker  
  86  7:52  Pylon  
  83  8:23  Observer  
  83  8:39  Observer  
  83  8:51  Stalker  
  83  8:52  Stalker x4  
  83  8:53  Stalker x2  
  83  8:55  Disruptor  
  100  9:16  Stalker x4  
  108  9:18  Observer  
  108  9:21  Pylon  
  108  9:23  Pylon  
  108  9:24  Pylon  
  108  9:28  Pylon  
  108  9:29  Pylon  
  108  9:39  Disruptor  
  111  9:54  Stalker x4  
  111  9:55  Stalker x3  
  111  9:57  Observer  
  125  10:15  Disruptor  
  127  10:50  Disruptor  
  127  10:51  Stalker x6  
  127  10:52  Stalker  
  144  11:26  Disruptor  
Show
View Real Time Build Order
Export as new Build Order

Massa Terran 

Build Orders:  

Get SALT Encoding   

  12  0:00  SCV  
  13  0:12  SCV  
  14  0:22  Supply Depot  
  14  0:24  SCV  
  15  0:33  Refinery  
  15  0:45  Barracks  
  15  0:47  SCV  
  16  0:59  SCV  
  17  1:10  Barracks  
  17  1:11  SCV  
  18  1:32  Supply Depot  
  18  1:34  Orbital Command  
  18  1:37  Marine  
  19  1:56  Barracks Reactor  
  19  1:58  Factory  
  19  2:01  Marine  
  19  2:04  SCV  
  21  2:17  Barracks  
  21  2:19  Marine  
  22  2:32  Marine x2  
  25  2:45  Barracks Tech Lab  
  25  2:50  Marine x2  
  26  2:54  Command Center  
  26  2:56  Hellion  
  28  3:02  SCV  
  28  3:14  SCV  
  29  3:32  Stimpack  
  29  3:33  Marauder  
  31  3:40  Supply Depot  
  31  4:01  Marine  
  31  4:02  Marauder  
  31  4:19  Marine x2  
  31  4:21  Widow Mine x2  
  31  4:23  Marine  
  35  4:25  Orbital Command  
  35  4:27  SCV  
  34  4:37  Marine x2  
  36  4:39  SCV  
  36  4:41  Marauder  
  36  4:42  Widow Mine x2  
  43  4:46  Refinery  
  43  4:51  SCV  
  44  4:59  SCV  
  45  5:03  SCV  
  45  5:04  Widow Mine x2, Ghost Academy  
  50  5:09  Refinery  
  50  5:11  SCV  
  50  5:12  Barracks Tech Lab  
  51  5:15  SCV  
  51  5:16  Barracks Reactor  
  51  5:17  Refinery  
  51  5:18  Combat Shield  
  52  5:25  Widow Mine  
  54  5:33  Engineering Bay  
  54  5:50  Ghost  
  54  5:52  SCV  
  54  5:53  SCV  
  47  6:04  SCV  
  47  6:05  SCV  
  48  6:16  SCV  
  48  6:17  SCV  
  50  6:21  Concussive Shells  
  50  6:22  Marauder  
  50  6:23  Marauder  
  54  6:27  Marine  
  54  6:37  SCV  
  54  6:53  Terran Infantry Weapons Level 1  
  54  7:04  Missile Turret  
  54  7:49  Personal Cloaking  
  54  8:13  Marauder  
  54  8:15  Marauder  
  54  8:18  Marine x2  
  54  8:24  Armory  
  54  8:39  Supply Depot  
  54  8:42  Supply Depot  
  54  8:47  Terran Infantry Armor Level 1  
  54  8:54  SCV, Marine  
  54  9:01  Widow Mine x2, SCV, Marauder  
  61  9:04  Marauder, Supply Depot  
  61  9:06  SCV  
  61  9:09  Starport  
  64  9:11  Missile Turret  
  64  9:13  SCV  
  65  9:18  SCV  
  65  9:23  Widow Mine x2  
  70  9:25  SCV  
  70  9:26  Marauder x2  
  70  9:31  SCV  
  76  9:37  SCV  
  77  9:46  Marine  
  78  9:55  Barracks  
  78  9:58  Supply Depot  
  78  9:59  Factory Tech Lab, Supply Depot x2  
  78  10:00  Supply Depot  
  78  10:09  Marine  
  78  10:11  Marauder  
  73  10:47  Marauder x2  
  73  10:48  Siege Tank  
  79  10:52  Starport Tech Lab  
  73  11:03  Marine  
  73  11:04  Marine  
  61  11:08  Marauder  
  61  11:09  Marauder  
  61  11:10  Command Center  
  65  11:16  Raven  
  67  11:20  Marine, Siege Tank  
  67  11:21  Marine  
  68  11:44  Marauder x2, Marine x3  
  68  11:45  Marine  
  76  12:06  Marauder  
Show
View Real Time Build Order
Export as new Build Order

qqq Zerg 

Build Orders: Pool First 

Get SALT Encoding   

  12  0:00  Drone  
  13  0:10  Drone  
  14  0:30  Spawning Pool  
  13  0:36  Overlord  
  13  0:41  Drone  
  14  0:44  Extractor  
  13  0:56  Drone  
  13  0:57  Drone  
  15  1:07  Drone  
  15  1:10  Drone  
  17  1:25  Queen  
  17  1:26  Zergling x2  
  17  1:30  Overlord  
  20  1:50  Zergling x2  
  20  1:51  Metabolic Boost  
  20  1:54  Zergling x2  
  22  2:04  Zergling x2  
  23  2:15  Zergling x2  
  23  2:24  Zergling x2  
  24  2:35  Zergling x2, Overlord  
  25  2:37  Zergling x2  
  25  2:41  Hatchery  
  25  2:42  Zergling x2  
  26  2:49  Zergling x2  
  27  3:03  Zergling x2  
  28  3:09  Zergling x6  
  25  3:46  Zergling x4  
  25  3:47  Zergling x8  
  24  4:02  Zergling x2  
  24  4:05  Drone x2  
  24  4:06  Queen  
  24  4:09  Drone  
  29  4:18  Drone  
  29  4:21  Drone  
  31  4:27  Drone  
  32  4:33  Roach Warren  
  32  4:34  Drone  
  32  4:41  Drone x4  
  36  4:49  Lair  
  36  4:52  Drone x2, Extractor  
  37  4:56  Drone  
  38  5:02  Drone, Spine Crawler  
  38  5:08  Drone x2  
  38  5:12  Drone  
  38  5:13  Drone  
  38  5:14  Drone  
  43  5:19  Overlord  
  43  5:20  Overlord  
  43  5:37  Roach  
  43  5:38  Roach  
  43  5:40  Roach  
  49  5:43  Roach  
  49  5:44  Hatchery  
  49  5:46  Drone  
  49  5:47  Drone  
  52  5:51  Spore Crawler  
  52  5:54  Spine Crawler  
  50  6:12  Spore Crawler  
  50  6:13  Spine Crawler  
  50  6:14  Drone  
  50  6:15  Drone x4, Spine Crawler  
  52  6:23  Roach x2  
  52  6:24  Roach  
  58  6:43  Drone x2  
  58  6:44  Overlord x3  
  60  6:50  Glial Reconstitution  
  60  6:55  Extractor  
  60  6:56  Roach x2  
  60  6:57  Extractor, Roach  
  60  6:58  Roach  
  66  7:03  Roach  
  66  7:04  Drone  
  66  7:05  Drone  
  66  7:07  Drone  
  71  7:15  Drone x3  
  74  7:18  Roach  
  74  7:19  Roach  
  78  7:23  Drone  
  79  7:31  Overseer  
  72  8:04  Spire  
  71  8:07  Drone  
  71  8:08  Drone x2  
  70  8:20  Roach x7  
  70  8:21  Drone x6  
  88  8:30  Infestation Pit  
  87  8:37  Spine Crawler  
  87  8:38  Spine Crawler x2  
  84  9:05  Roach x3  
  84  9:06  Overlord x8  
  84  9:07  Overlord  
  90  9:33  Roach x6  
  90  9:34  Drone x3, Roach  
  90  9:38  Zerg Flyer Weapons Level 1  
  107  9:39  Hive  
  107  9:40  Drone x3  
  107  9:42  Extractor  
  107  9:44  Extractor  
  107  9:45  Drone x3  
  111  9:48  Queen  
  113  9:54  Drone x2  
  113  9:55  Drone  
  116  10:00  Drone  
  117  10:20  Drone x5  
  122  10:38  Hatchery  
  119  10:45  Corruptor x6  
  119  10:46  Corruptor  
  127  11:01  Spore Crawler  
  126  11:04  Mutalisk x2  
  126  11:05  Mutalisk  
  126  11:07  Drone x2  
  126  11:08  Drone  
  126  11:09  Drone x2  
  130  11:35  Corruptor x2  
  88  11:54  Corruptor x2  
  88  11:57  Zergling x2  
  88  11:58  Zergling x12  
Tags
 
Add a new tag
Caveats
  • Supply blocks, unpowered buildings, or Contaminate may cause inaccurate times.
  • Supply counts are checked every 10 seconds.